 Dungeon Crawl Stone Soup version 0.29-a0-1033-gb6c65ffae6 (webtiles) character file.

Game seed: 11286366909538360175

205 ytrimaz the Insei (level 5, -1/33 HPs)
             Began as an Octopode Transmuter on Aug 15, 2022.
             Slain by a goblin
             ... wielding a +0 club
             ... led by Robin
              (6 damage)
             ... on level 4 of the Dungeon.
             The game lasted 00:04:47 (4380 turns).

ytrimaz the Insei (Octopode Transmuter)             Turns: 4380, Time: 00:04:48

Health: -1/33      AC:  1    Str:  9    XL:     5   Next: 83%
Magic:  3/8        EV: 13    Int: 17    God:
Gold:   140        SH:  0    Dex: 13    Spells: 2/8 levels left

rFire   . . .      SeeInvis .     - Unarmed
rCold   . . .      Faith    .   (no shield)
rNeg    . . .      Spirit   .   (helmet restricted)
rPois   .          Reflect  .   (no amulet)
rElec   .          Harm     .   (no ring)
rCorr   .          Rampage  .   (no ring)
Will    .....                   (no ring)
Stlth   ++........              (no ring)
HPRegen 0.11/turn               (no ring)
MPRegen 0.11/turn               (no ring)
                                (no ring)
                                (no ring)

@: wereblooded
A: almost no armour, amphibious, 8 rings, camouflage 1, gelatinous body 1,
(nimble swimmer 1), tentacles
a: no special abilities


You were on level 4 of the Dungeon.
You visited 1 branch of the dungeon, and saw 4 of its levels.

You collected 140 gold pieces.

Inventory:

Potions
 a - a potion of lignification
 b - a potion of attraction
 c - a potion of cancellation {unknown}
 d - a potion of brilliance {unknown}
 e - a potion of mutation {unknown}
 f - a potion of curing {unknown}
 g - 2 potions of haste {unknown}


   Skills:
 - Level 1.0 Fighting
 - Level 2.0 Dodging
 + Level 5.3 Unarmed Combat
 - Level 2.0 Spellcasting
 + Level 3.4 Transmutations
 * Level 1.7 Poison Magic


You had 2 spell levels left.
You knew the following spells:

 Your Spells              Type           Power      Damage    Failure   Level
a - Beastly Appendage     Tmut           26%        N/A       4%          1
b - Wereblood             Tmut           13%        N/A       7%          2
c - Spider Form           Tmut/Pois      10%        N/A       21%         3

Your spell library contained the following spells:

 Spells                   Type           Power      Damage    Failure   Level
 Ice Form                 Ice/Tmut       7%         N/A       67%         4


Dungeon Overview and Level Annotations

Branches:
Dungeon (4/15)
 Temple: D:4-7

Altars:

Annotations:
D:4 Pargi


Innate Abilities, Weirdness & Mutations

You cannot wear most types of armour.
You are amphibious.
You can wear up to eight rings at the same time.
Your skin changes colour to match your surroundings (Stealth+).
Your rubbery body absorbs attacks. (AC +1, EV +1)
((You are camouflaged when in or above water. (Stealth+)))
You have tentacles for arms and can constrict up to eight enemies at once.


Message History

The goblin misses you. The goblin hits you with a +0 club.
You bite the goblin!
You kill the goblin!
The goblin misses you. The goblin hits you with a +0 dagger.
You completely miss the goblin. The goblin completely misses you.
A goblin comes into view. It is wielding a +0 dagger.
The goblin hits you with a +0 dagger.
You are too injured to fight recklessly!
Unknown command.
You are too injured to fight recklessly!
You hit the goblin but do no damage. The goblin hits you with a +0 dagger.
The goblin closely misses you.
You barely miss the goblin.
Your transformation has ended.
You are too injured to fight recklessly!
Unknown command.
You closely miss the goblin. You grab the goblin. You constrict the goblin.
The goblin barely misses you. The goblin hits you with a +0 dagger.
You are too injured to fight recklessly!
You barely miss the goblin. You squeeze the goblin.
You kill the goblin!
The goblin closely misses you.
You bludgeon the goblin!
You kill the goblin!
The goblin barely misses you.
Unknown command.
Casting: Spider Form (quite dangerous; 21% risk of failure)
Confirm with . or Enter, or press ? or * to list all spells.
Your blood is infused with primal strength.
The goblin barely misses you.
Unknown command.
You closely miss the goblin. Your grab misses the goblin.
The goblin no longer looks unusually strong.
The goblin hits you with a +0 club.
* * * LOW HITPOINT WARNING * * *
You tentacle-slap the goblin. Your grab misses the goblin.
Your squeeze misses the goblin.
The goblin is moderately wounded.
The goblin hits you with a +0 club.
You die...

#. ####.#
#.###....#
#.....<#
#....[.#
#?#.#..# #
#))..#
#)#......
#)######.
#)@gg..#
#####..# #


You could see 2 goblins.

Vanquished Creatures
  2 orc priests (D:3)
  Terence (D:3)
  Robin (D:4)
  An adder (D:3)
  3 worms (D:2)
  2 dart slugs
  3 orcs (D:3)
  5 bats (D:2)
  5 endoplasms
  3 giant cockroaches (D:1)
  8 goblins
  11 hobgoblins
  2 jackals (D:1)
  13 kobolds
  8 quokkas
  7 ball pythons
  2 frilled lizards
  6 rats
83 creatures vanquished.

Notes
Turn   | Place    | Note
-------+----------+-------------------------------------------
     0 | D:1      | ytrimaz the Octopode Transmuter began the quest for the
                  | Orb.
     0 | D:1      | Reached XP level 1. HP: 13/13 MP: 3/3
   368 | D:1      | Reached XP level 2. HP: 14/18 MP: 3/5
   927 | D:1      | Reached XP level 3. HP: 22/23 MP: 4/6
  1120 | D:1      | Found a faded altar of an unknown god.
  1159 | D:1      | Reached skill level 4 in Unarmed Combat
  1964 | D:2      | Identified the +0 robe of True Grit {rF- Will+ Int+4 Dex+3}
  2137 | D:2      | Reached XP level 4. HP: 27/28 MP: 5/7
  2143 | D:2      | Learned a level 2 spell: Wereblood
  2147 | D:2      | Learned a level 3 spell: Spider Form
  3422 | D:3      | Reached XP level 5. HP: 11/33 MP: 5/8
  3425 | D:3      | Reached skill level 1 in Poison Magic
  3442 | D:3      | Reached skill level 5 in Unarmed Combat
  3729 | D:3      | Identified the +11 hand axe of Wu Jian, Twisting {vorpal,
                  | SInv}
  3802 | D:3      | Noticed Terence
  3815 | D:3      | Killed Terence
  4286 | D:4      | Noticed Pargi
  4363 | D:4      | Noticed Robin
  4370 | D:4      | Killed Robin
  4380 | D:4      | Slain by a goblin

Illustrated notes

Levels and vault maps discovered:
D:1:      dpeg_arrival_rooms_a, layout_loops_corners,
          shapermc_ecumenical_altar_hornbeckon
D:2:      layout_basic, nicolae_titane
D:3:      layout_basic, uniq_terence
D:4:      layout_basic, mainiacjoe_overflow_six_doors_small,
          chequers_serial_rivers_room_b, uniq_robin, uniq_pargi

Skill      XL: |  1  2  3  4  5 |
---------------+----------------+-----
Unarmed Combat | 4 5 |  5.3
Transmutations | 3 |  3.4
Poison Magic   | 1 |  1.7
Fighting       | |  1.0
Dodging        | |  2.0
Spellcasting   | |  2.0

Action                   |  1- 3 |  4- 6 || total
-------------------------+-------+-------++-------
Melee: Unarmed           |    84 |   107 ||   191
       Constrict         |    24 |    15 ||    39
       Tentacles         |    12 |    14 ||    26
       Kick              |    21 |    11 ||    32
       Punch             |     4 |     5 ||     9
 Cast: Beastly Appendage |    22 |     7 ||    29
       Wereblood         |       |     2 ||     2
       Spider Form       |       |     4 ||     4
  Use: Scroll            |     2 |     4 ||     6
 Stab: Sleeping          |     8 |     1 ||     9
Armor: Skin              |    10 |     6 ||    16
Dodge: Dodged            |    54 |    70 ||   124

Table legend: (Time is in decaauts)
 A = Elapsed time spent in this place.
 B = Non-inter-level travel time spent in this place.
 C = Inter-level travel time spent in this place.
 D = Time resting spent in this place.
 E = Time spent auto-exploring this place.
 F = Levels seen in this place.
 G = Mean time per level.
                   A        B        C        D        E       F      G
               +--------+--------+--------+--------+--------+-----+--------+
         Total |   4364 |   4271 |     93 |    463 |   3200 |   4 | 1091.0 |
       Dungeon |   4364 |   4271 |     93 |    463 |   3200 |   4 | 1091.0 |
               +--------+--------+--------+--------+--------+-----+--------+

Top non-repeatable levels by time:
     D:2: 1648 daAuts
     D:1: 1444 daAuts
     D:3: 1238 daAuts
     D:4: 33 daAuts
